AoeStats
← 一杯冰美式

African Clearing

510739905Analyzed
4v4 RM · 21h ago on Oct 2, 2026· 23m 33s· 8 players
Game mode
Random Map
Map size
Large (8 player)
Population
200
Speed
Normal
Resources
Standard
Victory
Conquest
Starting age
Dark Age
Ending age
Imperial Age
RankedLock teamsTeams togetherTeam positionsShared explorationLock speedFull tech treeHidden civsTurbo modeCheats
Victory
Defeat
🇨🇳 Mongols · China
1216
+13
🇨🇳 Chinese · China
1140
+17
🇨🇳 Vietnamese · China
1136
+17
1125
+17
🇧🇷 Varangians · Brazil
1184
-17
🇦🇷 Poles · Argentina
1182
-17
🇹🇼 Maya · Taiwan
1124
-15
🇭🇰 Khmer · Hong Kong SAR China
1123
-15
TearsOfDisdain8
11:51 Feudal Age
12:54 Double-Bit Axe
15:35 Castle Age
13:50 Stone Mining
15:29 Loom
16:56 Fletching
18:34 Bodkin Arrow
坐边被爽哭天抹泪逃跑
3:02 Loom
12:28 Feudal Age
20:06 Man-at-Arms
22:39 Double-Bit Axe
qiufen40
4:08 Loom
13:52 Feudal Age
18:54 Castle Age
18:16 Double-Bit Axe
18:44 Fletching
20:04 Horse Collar
20:57 Bodkin Arrow
大清第一巴图鲁
4:11 Loom
13:15 Feudal Age
18:32 Castle Age
16:29 Double-Bit Axe
18:09 Scale Barding Armor
18:15 Forging
19:41 Gold Mining
21:32 Chain Barding Armor
22:08 Bow Saw
HATamaTAH
12:11 Feudal Age
14:41 Bloodlines
15:23 Forging
16:46 Scale Barding Armor
23:18 Castle Age
21:13 Loom
24:23 Castle Age
一杯冰美式
4:53 Loom
6:14 Loom
15:21 Feudal Age
15:55 Town Watch
16:08 Double-Bit Axe
17:18 Gold Mining
17:57 Forging
17:49 Scale Mail Armor
20:48 Horse Collar
22:28 Wheelbarrow
Pte. psiquiatrico en pañales
4:38 Loom
16:40 Feudal Age
17:14 Double-Bit Axe
24:20 Castle Age
mdzzxswl
13:49 Feudal Age
14:09 Loom
14:42 Town Watch
17:46 Double-Bit Axe
17:44 Horse Collar
20:32 Wheelbarrow
Connection lost

Rejoining the realm…

Still unreachable

The connection could not be restored.

Session expired

The server has moved on; the page needs a fresh start.